 Dungeon Crawl Stone Soup version 0.29.1-13-g9f3cf754e1 (webtiles) character file.

Game seed: 14984455990945134329

65168 khekkus the Severer (level 15, -4/137 HPs)
             Began as a Hill Orc Fighter on Jan 30, 2023.
             Was a High Priest of Makhleb.
             Slain by a tentacled starspawn (24 damage)
             ... on level 4 of the Abyss.
             The game lasted 00:58:15 (20651 turns).

khekkus the Severer (Hill Orc Fighter)             Turns: 20651, Time: 00:58:17

Health: -4/137     AC: 27    Str: 30    XL:     15   Next: 15%
Magic:  25/25      EV:  8    Int:  8    God:    Makhleb [*****.]
Gold:   1017       SH: 12    Dex: 10    Spells: 14/14 levels left

rFire   . . .      SeeInvis .   a - +11 broad axe of Gyku {flame, Str+3}
rCold   + + .      Faith    .   c - +0 buckler
rNeg    . . .      Spirit   .   R - +1 ice dragon scales
rPois   .          Reflect  +   O - +1 helmet
rElec   .          Harm     .   I - +2 cloak
rCorr   .          Rampage  .   E - +1 pair of gloves
Will    +....                   T - +2 pair of boots
Stlth   ..........              b - amulet of reflection
HPRegen 0.32/turn               q - ring of flight
MPRegen 0.19/turn               p - ring of protection from fire

@: flying, constricted, studying Dodging
A: no striking features
a: Renounce Religion, Minor Destruction, Lesser Servant of Makhleb, Major
Destruction, Greater Servant of Makhleb


You were on level 4 of the Abyss.
You worshipped Makhleb.
Makhleb was extremely pleased with you.
You visited 3 branches of the dungeon, and saw 16 of its levels.
You visited the Abyss 2 times.
You also visited: Sewer and Ice Cave.

You collected 1017 gold pieces.

Inventory:

Hand Weapons
 a - the +11 broad axe of Gyku (weapon) {flame, Str+3}
   (You acquired it on level 7 of the Dungeon)

   It burns those it strikes, dealing additional fire damage.
   Big, fiery blades are also staple armaments of hydra-hunters.
   Str:       It affects your strength (+3).
Missiles
 B - 118 stones
 D - 2 throwing nets
 K - 39 poisoned darts (quivered)
Armour
 c - a +0 buckler (worn)
 m - the +3 leather armour "Cioppeyx" {rN++ rCorr Dex-2 Stlth+}
   (You found it on level 8 of the Dungeon)

   Dex:       It affects your dexterity (-2).
   rN:        It greatly protects you from negative energy.
   rCorr:     It protects you from acid and corrosion.
   Stlth:     It makes you more stealthy.
 o - the +1 robe of Geusuicve {Str+3 SInv}
   (You found it on level 3 of the Lair of Beasts)

   Str:       It affects your strength (+3).
   SInv:      It lets you see invisible.
 r - +0 swamp dragon scales
 E - a +1 pair of gloves (worn)
 I - a +2 cloak (worn)
 O - a +1 helmet (worn)
 R - +1 ice dragon scales (worn)
 T - a +2 pair of boots (worn)
Jewellery
 b - an amulet of reflection (around neck)
 n - a ring of resist corrosion
 p - a ring of protection from fire (right hand)
 q - a ring of flight (left hand)
 J - a ring of protection from cold
 P - a ring of fire
Wands
 g - a wand of digging (5)
 h - a wand of charming (8)
 l - a wand of flame (8)
 y - a wand of iceblast (19)
 H - a wand of quicksilver (2)
 Q - a wand of mindburst (14)
Scrolls
 e - 9 scrolls of teleportation
 k - a scroll of amnesia
 t - 9 scrolls of fear
 v - a scroll of enchant weapon
 F - 2 scrolls of poison
 M - a scroll of fog
 S - a scroll of magic mapping
Potions
 d - 9 potions of magic
 f - 7 potions of curing
 i - 4 potions of lignification
 s - a potion of mutation
 u - 5 potions of flight
 x - 2 potions of invisibility
 z - 4 potions of brilliance
 C - a potion of heal wounds
 G - 2 potions of ambrosia
 L - 3 potions of attraction
 N - a potion of cancellation {unknown}
Miscellaneous
 A - a phantom mirror


   Skills:
 + Level 13.7 Fighting
 + Level 16.6 Axes
 - Level 2.0 Throwing
 + Level 12.6 Armour
 + Level 5.2 Dodging
 + Level 12.7 Shields
 + Level 13.9 Invocations
 + Level 5.6 Evocations


You had 14 spell levels left.
You didn't know any spells.
Your spell library contained the following spells:

 Spells                   Type           Power      Damage    Failure   Level
 Sandblast                Erth           0%         2d4       69%         1
 Sting                    Tmut/Pois      0%         1d3       69%         1
 Blink                    Tloc           0%         N/A       83%         2
 Passwall                 Tmut/Erth      0%         N/A       83%         2
 Poisonous Vapours        Pois/Air       0%         N/A       83%         2
 Scorch                   Fire           0%         2d5       83%         2
 Lesser Beckoning         Tloc           0%         N/A       96%         3
 Stone Arrow              Conj/Erth      0%         3d7       96%         3
 Animate Armour           Summ/Erth      0%         N/A       100%        4
 Flame Wave               Conj/Fire      0%         2d4       100%        4
 Olgreb's Toxic Radiance  Pois           0%         N/A       100%        4
 Summon Ice Beast         Ice/Summ       0%         N/A       100%        4
 Fireball                 Conj/Fire      0%         3d3       100%        5
 Iskenderun's Battlesphe  Conj           0%         2d6       100%        5
 Manifold Assault         Tloc           0%         N/A       100%        5
 Summon Forest            Summ/Tloc      0%         N/A       100%        5
 Summon Mana Viper        Hex/Summ       0%         N/A       100%        5
 Conjure Ball Lightning   Conj/Air       0%         3x3d6     100%        6
 Summon Cactus Giant      Summ           0%         N/A       100%        6
 Monstrous Menagerie      Summ           0%         N/A       100%        7
 Orb of Destruction       Conj           0%         9d5       100%        7
 Lehudib's Crystal Spear  Conj/Erth      0%         10d2      100%        8


Dungeon Overview and Level Annotations

Branches:
Dungeon (10/15)            Temple (1/1) D:6            Lair (5/5) D:8
 Shoals (0/4) Lair:2       Spider (0/4) Lair:3        Slime (0/5) Lair:5
  Sewer (visited)           IceCv (visited)
    Orc: D:9-12

Altars:
Ashenzari
Cheibriados
Dithmenos
Elyvilon
Fedhas
Gozag
Hepliaklqana
Kikubaaqudgha
Makhleb
Nemelex Xobeh
Okawaru
Qazlal
Ru
Sif Muna
Trog
Uskayaw
Vehumet
Wu Jian
Xom
Yredelemnul
Zin
The Shining One

Annotations:
Lair:4 1 runed translucent door, Pegasus's ghost, journeyman OgFE


Message History

You can't see that place.
Unknown command.
A large abomination comes into view.
Found a runelight.
Your extra speed is starting to run out.
Found a runelight.
You feel yourself slow down.
You slice the large abomination!! You burn the large abomination!
The large abomination is severely damaged.
The large abomination hits you!
* * * LOW HITPOINT WARNING * * *
You slash the large abomination! You burn the large abomination!
You destroy the large abomination!
Makhleb accepts your kill.
You feel better.
Tentacles burst from the starspawn's body! 2 starspawn tentacles come into view.
A swamp dragon comes into view.
Found an abyssal rune of Zot.
Found a runelight.
The swamp dragon roars deafeningly!
The chaos spawn bellows!
The swamp dragon breathes poison at you.
Blink to where?
Press: ? - help, Dir - move target
As you read the scroll of blinking, it crumbles to dust.
Tentacles burst from the starspawn's body! 2 starspawn tentacles come into view.
As you read the scroll of fear, it crumbles to dust.
You assume a fearsome visage.
The tentacled starspawn is unaffected.
The tentacled monstrosity resists with almost no effort. x2
The starspawn tentacle is unaffected. x2
You feel your health improve.
You block the tentacled monstrosity's attack.
The tentacled monstrosity closely misses you.
The tentacled monstrosity tentacle-slaps you but does no damage.
The tentacled monstrosity grabs you.
The tentacled monstrosity constricts you.
A purple ugly thing comes into view.
The tentacled starspawn bites you!!
You die...

## # ...# . .# ⌠. .
# . .. X..# #####
.D.. . .####...#
##...+ ☼#. . . ....
.###..... ☼. . ....
...⌠#φ..#4 ☼# # .
.....###.x.xX##○##
# . ..
.####⌠##..*##○○○#
#....
...#.#...#####○○°##
. .
........wX@XX.○§.○#
. ...
.....##w..######
.......u... ######
. .... .. ... .....
.....# . ... .....
. ..........# ###
######.# #.#


You could see 2 tentacled monstrosities, a tentacled starspawn, a purple ugly
thing (wandering) and 2 starspawn tentacles.

Vanquished Creatures
  A reaper (IceCv)
  Harold (D:9)
  8 hydras
  4 boulder beetles
  6 catoblepae
  A centaur warrior (D:8)
  An ogre mage (D:10)
  4 two-headed ogres (D:10)
  6 death yaks (Lair:5)
  A sixfirhy (D:9)
  2 manticores (Lair:5)
  Maurice (D:9)
  A cyclops (D:9)
  10 elephants (Lair:4)
  6 black mambas
  Joseph (D:9)
  2 ice statues (IceCv)
  A large abomination (Abyss:4)
  An unseen horror (D:9)
  A molten gargoyle (Lair:2)
  8 cane toads
  13 komodo dragons
  Maggie (D:10)
  2 anaconda simulacra (IceCv)
  7 ice devils (IceCv)
  3 rime drakes
  A tengu conjurer (D:10)
  2 polar bears
  A hornet (D:9)
  7 dream sheep (Lair:4)
  A slime creature (D:10)
  17 blink frogs
  Sigmund (D:2)
  The ghost of p0werm0de the Trooper, an amateur OgCK of Xom (D:4)
  4 wyverns
  5 dire elephant simulacra (IceCv)
  A culicivora (Lair:3)
  A shadow (D:9)
  2 wraiths
  56 yaks
  2 steam dragons
  2 basilisks
  3 vampire mosquitoes (D:9)
  3 harpy simulacra (IceCv)
  An acid dragon (D:9)
  17 water moccasins
  Pargi (Sewer)
  An ice beast (D:7)
  A sky beast (D:5)
  9 orc warriors
  2 black bears (D:6)
  14 wolves
  2 ogres
  4 centaurs
  A phantom (D:5)
  2 kobold brigands
  14 bullfrogs
  A gnoll sergeant (D:8)
  3 scorpions
  A necrophage (D:5)
  A wight (D:9)
  7 killer bees
  5 howler monkeys
  2 hounds
  7 orc priests
  A gnoll bouda (D:9)
  5 jellies
  Jessica (D:2)
  6 iguanas
  Ijyb (D:3)
  14 orc wizards
  A troll simulacrum (IceCv)
  5 hell rats (Lair:3)
  10 gnolls
  6 adders
  A naga simulacrum (IceCv)
  8 white imps
  An ufetubus (D:5)
  3 worms
  3 dart slugs
  48 orcs
  3 bats
  4 endoplasms
  2 giant cockroaches (D:3)
  8 hobgoblins
  9 jackals
  5 quokkas
  9 ball pythons
  6 frilled lizards
  A goblin (D:1)
  13 kobolds
  6 rats
479 creatures vanquished.

Vanquished Creatures (collateral kills)
  Erolcha (D:9)
  A thrashing horror (Abyss:3)
  A tormentor (Abyss:3)
  6 dream sheep (Lair:4)
  A yak (D:9)
  A water moccasin (Lair:4)
  A howler monkey (D:9)
  An orc wizard (D:9)
  A gnoll (D:9)
  7 white imps (Lair:4)
21 creatures vanquished.

Vanquished Creatures (others)
  Nessos (Lair:5)
  An orc (D:7)
  26 fungi
  84 plants
  2 starspawn tentacles (Abyss:4)
114 creatures vanquished.

Grand Total: 614 creatures vanquished

Notes
Turn   | Place    | Note
-------+----------+-------------------------------------------
     0 | D:1      | khekkus the Hill Orc Fighter began the quest for the Orb.
     0 | D:1      | Reached XP level 1. HP: 19/19 MP: 1/1
    87 | D:1      | Reached skill level 3 in Axes
   176 | D:1      | Reached XP level 2. HP: 10/26 MP: 2/2
   453 | D:1      | Reached skill level 4 in Axes
  1079 | D:2      | Reached XP level 3. HP: 31/31 MP: 3/3
  1342 | D:2      | Noticed Sigmund
  1415 | D:3      | Reached skill level 5 in Axes
  1444 | D:3      | Found an iron altar of Okawaru.
  1444 | D:3      | Found a radiant altar of Vehumet.
  1461 | D:3      | Found a snail-covered altar of Cheibriados.
  1607 | D:3      | Reached skill level 6 in Axes
  1607 | D:3      | Reached XP level 4. HP: 19/39 MP: 4/4
  2008 | D:3      | Found a glowing drain.
  2018 | Sewer    | Entered a sewer
  2117 | Sewer    | Noticed Pargi
  2120 | Sewer    | Reached XP level 5. HP: 45/45 MP: 5/5
  2163 | Sewer    | Killed Pargi
  2164 | Sewer    | Reached skill level 7 in Axes
  2324 | D:3      | Noticed Ijyb
  2333 | D:3      | Killed Ijyb
  2334 | D:3      | Reached skill level 8 in Axes
  2334 | D:3      | Reached XP level 6. HP: 36/51 MP: 6/6
  2766 | D:4      | Found a runed translucent gate.
  2768 | D:4      | Found a runed translucent gate.
  2769 | D:4      | Found a runed translucent gate.
  2863 | D:4      | Noticed p0werm0de's ghost (amateur OgCK)
  3589 | D:4      | Reached skill level 9 in Axes
  3755 | D:5      | Entered Level 5 of the Dungeon
  3882 | D:5      | Reached skill level 1 in Evocations
  3882 | D:5      | Reached XP level 7. HP: 42/58 MP: 7/7
  4031 | D:5      | Reached skill level 1 in Throwing
  4888 | D:6      | Reached XP level 8. HP: 40/67 MP: 8/8
  6049 | D:6      | Found a staircase to the Ecumenical Temple.
  6063 | Temple   | Entered the Ecumenical Temple
  6063 | Temple   | Found a transporter.
  6063 | Temple   | Found a transporter.
  6065 | Temple   | Found a transporter.
  6065 | Temple   | Found a transporter.
  6187 | Temple   | Became a worshipper of Makhleb the Destroyer
  6324 | D:6      | Reached skill level 5 in Fighting
  6469 | D:6      | Reached skill level 1 in Invocations
  6855 | D:7      | Reached skill level 10 in Axes
  6992 | D:7      | Reached skill level 5 in Armour
  6992 | D:7      | Reached skill level 5 in Shields
  7044 | D:7      | Reached XP level 9. HP: 66/75 MP: 9/11
  7372 | D:7      | Reached * piety under Makhleb
  8126 | D:7      | Identified a scroll of acquirement
  8126 | D:7      | Acquired the +11 broad axe of Gyku {flame, Str+3}
  8347 | D:2      | Noticed Jessica
  8351 | D:2      | Killed Jessica
  8485 | D:2      | Killed Sigmund
  9233 | D:8      | Found a staircase to the Lair.
  9234 | D:8      | Noticed a komodo dragon
  9243 | D:8      | Killed a komodo dragon
  9412 | D:8      | Identified the +3 leather armour "Cioppeyx" {rN++ rCorr
                  | Dex-2 Stlth+}
  9820 | D:8      | Noticed a centaur warrior
  9826 | D:8      | Killed a centaur warrior
  9827 | D:8      | Reached skill level 11 in Axes
  9827 | D:8      | Reached skill level 5 in Invocations
  9827 | D:8      | Reached skill level 5 in Evocations
  9827 | D:8      | Reached XP level 10. HP: 67/86 MP: 13/13
  9931 | D:8      | Noticed a catoblepas
  9941 | D:8      | Killed a catoblepas
 10231 | D:8      | Reached ** piety under Makhleb
 10282 | Lair:1   | Entered Level 1 of the Lair of Beasts
 10347 | Lair:1   | Noticed an eight-headed hydra
 10869 | Lair:1   | Killed a five-headed hydra
 11084 | Lair:1   | Reached skill level 12 in Axes
 11305 | Lair:1   | Reached XP level 11. HP: 95/95 MP: 16/16
 11876 | Lair:1   | Noticed a four-headed hydra
 11884 | Lair:1   | Killed a one-headed hydra
 12482 | Lair:2   | Noticed a five-headed hydra
 12487 | Lair:2   | Killed a two-headed hydra
 12560 | Lair:2   | Found a staircase to the Shoals.
 12568 | Lair:2   | Reached skill level 13 in Axes
 12574 | Lair:2   | Noticed a six-headed hydra
 12575 | Lair:2   | Reached *** piety under Makhleb
 12586 | Lair:2   | Killed a four-headed hydra
 12741 | Lair:2   | Reached XP level 12. HP: 103/106 MP: 18/18
 12744 | Lair:2   | Reached skill level 10 in Fighting
 13532 | Lair:3   | Noticed a six-headed hydra
 13548 | Lair:3   | Killed a two-headed hydra
 13585 | Lair:3   | Reached skill level 10 in Invocations
 13774 | Lair:3   | Identified the +1 robe of Geusuicve {Str+3 SInv}
 13878 | Lair:3   | Noticed an eight-headed hydra
 13891 | Lair:3   | Killed a five-headed hydra
 14048 | Lair:3   | Found a hole to the Spider Nest.
 14493 | Lair:4   | Noticed a boulder beetle
 14508 | Lair:4   | Killed a boulder beetle
 14509 | Lair:4   | Reached skill level 14 in Axes
 14509 | Lair:4   | Reached skill level 10 in Shields
 14519 | Lair:4   | Reached skill level 10 in Armour
 14592 | Lair:4   | Reached **** piety under Makhleb
 14596 | Lair:4   | Reached XP level 13. HP: 113/116 MP: 21/21
 14620 | Lair:4   | Found a frozen archway.
 14642 | IceCv    | Entered an ice cave
 15222 | IceCv    | Reached ***** piety under Makhleb
 15266 | IceCv    | Noticed a reaper
 15278 | IceCv    | Killed a reaper
 15634 | Lair:4   | Reached skill level 15 in Axes
 15973 | Lair:4   | Found a runed translucent door.
 15975 | Lair:4   | Noticed Pegasus's ghost (journeyman OgFE)
 15977 | Lair:4   | Identified the +8 trident of Defiance {venom, *Slow rElec
                  | rCorr Dex+5}
 16542 | D:4      | Killed p0werm0de's ghost
 16790 | Lair:5   | Entered Level 5 of the Lair of Beasts
 16872 | Lair:5   | Found a staircase to the Slime Pits.
 17187 | Lair:5   | Reached XP level 14. HP: 115/127 MP: 23/23
 17238 | Lair:5   | Noticed Nessos
 17251 | Lair:5   | Killed Nessos
 17431 | Lair:5   | Reached skill level 1 in Dodging
 17870 | Lair:5   | Reached skill level 16 in Axes
 18727 | D:9      | Noticed Harold
 18728 | D:9      | Noticed Maurice
 18777 | D:9      | Killed Harold
 18780 | D:9      | Killed Maurice
 18929 | D:9      | Noticed Erolcha
 18933 | Abyss:1  | Cast into level 1 of the Abyss (Erolcha)
 19017 | D:9      | Escaped the Abyss
 19024 | D:9      | Noticed Joseph
 19031 | D:9      | Killed Joseph
 19032 | D:9      | Killed Erolcha
 19106 | D:9      | Found a runed translucent door.
 19577 | D:10     | Entered Level 10 of the Dungeon
 19632 | D:10     | Noticed Maggie
 19639 | D:10     | Killed Maggie
 20337 | D:10     | Reached XP level 15. HP: 114/136 MP: 25/25
 20388 | D:10     | Reached ****** piety under Makhleb
 20437 | D:10     | Reached skill level 5 in Dodging
 20464 | Abyss:3  | Found a corrupted altar of Lugonu.
 20464 | Abyss:3  | Cast into level 3 of the Abyss (a wizard)
 20512 | Abyss:3  | Noticed a lich
 20579 | Abyss:4  | Noticed a tentacled monstrosity
 20609 | Abyss:4  | Noticed a tentacled monstrosity
 20610 | Abyss:4  | Noticed a tentacled starspawn
 20651 | Abyss:4  | Slain by a tentacled starspawn

Illustrated notes

Levels and vault maps discovered:
D:1:      heliophobic_arrival_enchanted_forest, layout_basic
D:2:      layout_basic, uniq_jessica, uniq_sigmund
D:3:      layout_loops_ring, mainiacjoe_overflow_tiny_flanked,
          jmf_multi_god_temple, cheibrodos_sewer_entry_drain,
          minmay_misc_feat_chi, chequers_serial_rivers_micro_c, uniq_ijyb
D:4:      layout_gridville, ebering_ghost_rock_garden
D:5:      layout_loops_cross
D:6:      layout_loops_ring, minmay_temple_entry_nine_rooms,
          kennysheep_generic_room_3
D:7:      layout_basic, lightli_orcish_oven
D:8:      layout_basic, david_lair_shrubbed, minmay_three_doors
D:9:      cheibrodos_shockbox, layout_cave_pools, lightli_fourway_metalbox,
          uniq_erolcha, uniq_joseph, uniq_maurice, uniq_harold
D:10:     minmay_the_grid_3x2 [minmay_the_grid_diamond_grid,
          minmay_the_grid_outer_diamond, minmay_the_grid_slots,
          minmay_the_grid_spin_star, minmay_the_grid_small_cups,
          minmay_the_grid_prize_four_corners_diamond_b], layout_long_grid,
          minmay_checkerbox, uniq_snorg, uniq_maggie
Temple:   hellmonk_temple_divided_pantheon
Lair:1:   layout_roguey, grunt_megastairs_2
Lair:2:   beast_lair_carwin_large_2, layout_gridlike, shoals_dummy_entry
Lair:3:   layout_chaotic_city, hellmonk_spider_entry_life_and_decay,
          serial_bayou_shore_a
Lair:4:   layout_regular_city, ebering_ghost_funeral_grove,
          portal_ice_cave_entry_imps, beast_lair_carwin_3, lemuel_fruit_fields,
          infiniplex_staircase_pool_2
Lair:5:   evilmike_catoblepas_cave, layout_long_grid,
          nicolae_slime_entry_slimehenge, lemuel_fruit_tree, grunt_megastairs_3,
          uniq_nessos
Abyss:4:  base: D:10, nicolae_abyss_rune_left_handed

Skill      XL: |  1  2  3  4  5  6  7  8  9 10 11 12 13 14 15 |
---------------+----------------------------------------------+-----
Axes           | 3 4 6 8 9 10 11 12 13 14 15 16 | 16.6
Evocations     | 1 2 3 5 |  5.6
Fighting       | 4 5 7 8 9 11 12 13 | 13.7
Throwing       | 1 2 |  2.0
Shields        | 4 5 6 7 9 10 11 12 | 12.7
Armour         | 4 5 6 7 9 10 11 12 | 12.6
Invocations    | 2 5 7 9 10 12 13 | 13.9
Dodging        | 4 5 |  5.2

Action                   |  1- 3 |  4- 6 |  7- 9 | 10-12 | 13-15 || total
-------------------------+-------+-------+-------+-------+-------++-------
Melee: War axe           |   112 |   126 |       |       |       ||   238
       Hand axe          |       |     5 |   258 |       |       ||   263
       Broad axe         |       |       |    45 |   292 |   532 ||   869
Throw: Dart              |       |       |    14 |       |       ||    14
Invok: Minor Destruction |       |       |       |     7 |     1 ||     8
       Lesser Servant of |       |       |       |     1 |     5 ||     6
       Greater Servant o |       |       |       |       |     2 ||     2
       Major Destruction |       |       |       |       |     1 ||     1
Evoke: Wand              |       |       |     1 |     3 |       ||     4
  Use: Scroll            |     2 |     4 |    14 |     4 |     9 ||    33
       Potion            |     1 |     1 |     1 |     1 |     6 ||    10
 Stab: Petrified         |       |       |       |       |     1 ||     1
Armor: Scale mail        |    56 |    52 |       |       |       ||   108
       Chain mail        |       |     4 |   140 |    71 |    37 ||   252
       Plate armour      |       |       |    29 |   149 |       ||   178
       Skin              |       |       |     1 |       |       ||     1
       Ice dragon scales |       |       |       |       |   226 ||   226
       Robe              |       |       |       |       |    11 ||    11
Dodge: Dodged            |    48 |    41 |   100 |    89 |   145 ||   423
Block: Buckler           |    33 |    25 |    55 |   132 |   262 ||   507
       Reflection        |       |       |       |       |    19 ||    19
